 Dungeon Crawl Stone Soup version 0.30.1-11-g7821555f0a (webtiles) character file.

Game seed: 1921035345268282317

92790 octoduck the Severer (level 16, -11/117 HPs)
             Began as a Formicid Fighter on Dec 25, 2023.
             Was a Believer of Uskayaw.
             Mangled by a ghoul (13 damage)
             ... on level 2 of the Swamp on Dec 26, 2023.
             The game lasted 01:25:23 (45697 turns).

octoduck the Severer (Formicid Fighter)            Turns: 45697, Time: 01:25:24

Health: -11/117    AC: 25    Str: 26    XL:     16   Next: 54%
Magic:  7/31       EV:  7    Int: 14    God:    Uskayaw [**....]
Gold:   779        SH:  0    Dex: 19    Spells: 15/15 levels left

rFire   + + +        R - +0 battleaxe
rCold   . . .        U - +0 kite shield {reflect}
rNeg    . . .        r - +3 plate armour
rPois   +            (helmet unavailable)
rElec   .            y - +1 cloak {rPois}
rCorr   .            b - +3 Mad Mage's Maulers {Infuse+∞ VampMP -Cast}
SInv    +            s - +0 pair of boots of the Trees {rPois rF+++ Regen+ MP+9}
Will    ++...        P - amulet "Zoes" {Faith Int+3 SInv} Stlth
                     A - ring of willpower
HPRegen 1.19/turn    I - +6 ring of dexterity
MPRegen 0.22/turn

%: no spellcasting, reflection, faith, infuse magic (7 MP)
@: confused, mighty, ambrosia-drunk
A: permanent stasis, dig shafts and tunnels, antennae 3, four strong arms
a: Dig, Shaft Self, Renounce Religion, Stomp, Line Pass


You were on level 2 of the Swamp.
You worshipped Uskayaw.
Uskayaw was aware of your devotion.
You visited 5 branches of the dungeon, and saw 23 of its levels.
You also visited: Sewer and Volcano.

You collected 2641 gold pieces.
You spent 1862 gold pieces at shops.

Inventory:

Hand Weapons
 B - a +0 broad axe of flaming
 R - a +0 battleaxe (weapon)
Missiles
 i - 18 javelins
 v - 27 poisoned darts
 F - 3 curare-tipped darts
Armour
 b - the +3 Mad Mage's Maulers (worn) {Infuse+∞ VampMP -Cast}
   (You acquired it on level 4 of the Dungeon)

   Infuse+∞: It empowers its wearer's blows with all of their magic.
   VampMP:    Blows struck in melee replenish the wearer's magic.
   -Cast:     It prevents spellcasting.
 r - a +3 plate armour (worn)
 s - the +0 pair of boots of the Trees (worn) {rPois rF+++ Regen+ MP+9}
   (You acquired it on level 4 of the Dungeon)

   rF:        It renders you almost immune to fire.
   rPois:     It protects you from poison.
   MP:        It affects your magic capacity (+9).
   Regen:     It increases your rate of health regeneration.
 y - a +1 cloak of poison resistance (worn)
 U - a +0 kite shield of reflection (worn)
Jewellery
 a - a ring of ice
 n - a +6 ring of dexterity
 A - a ring of willpower (left hand)
 I - a +6 ring of dexterity (right hand)
 P - the amulet "Zoes" (around neck) {Faith Int+3 SInv}
   (You bought it in a shop on level 6 of the Dungeon)

   [amulet of faith]

   It allows you to gain divine favour quickly.
   Int:       It affects your intelligence (+3).
   SInv:      It lets you see invisible.
Wands
 j - a wand of quicksilver (8)
 m - a wand of iceblast (14)
 O - a wand of flame (8)
Scrolls
 c - a scroll of identify
 h - 5 scrolls of fog
 l - 3 scrolls of fear
 o - 2 scrolls of silence
 t - a scroll of immolation
 w - 2 scrolls of magic mapping
 z - 3 scrolls of poison
 C - 4 scrolls of vulnerability
 E - 4 scrolls of enchant weapon
 K - a scroll of brand weapon
 N - 3 scrolls of enchant armour
 Q - 3 scrolls of butterflies
 T - 2 scrolls of amnesia
Potions
 d - a potion of cancellation
 f - 6 potions of lignification
 g - 3 potions of magic
 k - 6 potions of attraction
 p - 6 potions of brilliance
 q - 8 potions of resistance
 x - 4 potions of flight
 D - 7 potions of curing
 G - 3 potions of heal wounds
 H - a potion of mutation
Miscellaneous
 u - a box of beasts (inert)
 S - a phantom mirror


   Skills:
 - Level 8.2 Fighting
 - Level 20.0 Axes
 - Level 10.1 Armour
 - Level 6.0 Stealth
 + Level 16.9 Shields
 - Level 8.6 Invocations
 - Level 7.2 Evocations


You had 15 spell levels left.
You didn't know any spells.
Your spell library contained the following spells:

 Spells                   Type           Power      Damage    Failure   Level
 Sandblast                Erth           0%         2d4       98%         1
 Summon Small Mammal      Summ           0%         N/A       98%         1
 Cigotuvi's Dreadful Rot  Necr/Pois/Air  0%         N/A       99%         2
 Passwall                 Tmut/Erth      0%         N/A       99%         2
 Call Canine Familiar     Summ           0%         N/A       100%        3
 Ignite Poison            Fire/Tmut/Pois 0%         N/A       100%        3
 Inner Flame              Hex/Fire       0%         N/A       100%        3
 Portal Projectile        Hex/Tloc       0%         N/A       100%        3
 Stone Arrow              Conj/Erth      0%         3d7       100%        3
 Summon Guardian Golem    Hex/Summ       0%         N/A       100%        3
 Flame Wave               Conj/Fire      0%         2d4       100%        4
 Leda's Liquefaction      Hex/Erth       0%         N/A       100%        4
 Manifold Assault         Tloc           0%         N/A       100%        4
 Sticky Flame             Conj/Fire      0%         2d3       100%        4
 Freezing Cloud           Conj/Ice/Air   0%         6-21      100%        5
 Yara's Violent Unravell  Hex/Tmut       0%         3d3       100%        5
 Enfeeble                 Hex            0%         N/A       100%        7
 Storm Form               Tmut/Air       0%         N/A       100%        7
 Blink                    Tloc           Unusable   N/A       N/A         2

Dungeon Overview and Level Annotations

Branches:
Dungeon (13/15)            Temple (1/1) D:6            Lair (5/5) D:8
  Swamp (2/4) Lair:3       Spider (0/4) Lair:2        Slime (0/5) Lair:4
    Orc (2/2) D:11            Elf (0/3) Orc:2        Vaults (0/5) D:13
  Sewer (visited)         Volcano (visited)

Altars:
Ashenzari
Cheibriados
Dithmenos
Elyvilon
Fedhas
Gozag
Hepliaklqana
Kikubaaqudgha
Makhleb
Nemelex Xobeh
Okawaru
Qazlal
Ru
Sif Muna
Trog
Uskayaw
Vehumet
Wu Jian
Xom
Yredelemnul
Zin
The Shining One
Lugonu

Shops:
D:1 :   D:6 =   D:7 *!   D:9 *   Orc:2 *:![

Portals:
Abyss: Lair:5

Annotations:
D:3 2 transporters, booth's ghost, amateur DsGl
D:10 2 transporters, rozman's ghost, novice DsGl
Lair:1 exclusion: oklob plant


Innate Abilities, Weirdness & Mutations

You cannot be hasted, slowed, berserked, paralysed or teleported.
You can dig through walls and to a lower floor.
You have a pair of large antennae on your head. (SInv)
Your four strong arms can wield two-handed weapons with a shield.


Message History

Okay, then.
You stomp with the beat, sending a shockwave through the revellers around you!
The ghoul is heavily damaged.
You can no longer pass through a line of other dancers.
The ghoul claws you but does no damage. You block the ghoul's attack.
You can now pass through a line of other dancers.
You open the lid... ...and a larval fireshock beast leaps out!
The box is emptied!
You slice the ghoul!!
The ghoul is severely damaged.
You barely miss the ghoul.
The ghoul is severely damaged.
You block the ghoul's attack. The ghoul claws you but does no damage.
Your larval fireshock beast bursts into living lightning!
The living lightning hits the ghoul!
Your larval fireshock beast blinks!
You completely miss the ghoul.
The ghoul is severely damaged.
You closely miss the swamp worm. You block the swamp worm's attack.
The ghoul claws you!
* * * LOW HITPOINT WARNING * * *
The ghoul claws you!
* * * LOW HITPOINT WARNING * * *
Your larval fireshock beast breathes flames at the ghoul.
The blast of flame hits the ghoul!
You feel very mighty all of a sudden. You block the swamp worm's attack.
The ghoul claws your larval fireshock beast!!
Your larval fireshock beast dies!
Your larval fireshock beast's corpse disappears in a puff of smoke!
You are confused.
You feel invigorated. The swamp worm barely misses you. The ghoul claws you!!
* * * LOW HITPOINT WARNING * * *
The ghoul claws you.
* * * LOW HITPOINT WARNING * * *
The ghoul attacks as you move away! The ghoul claws you.
* * * LOW HITPOINT WARNING * * *
The ghoul claws you!
You die...

♣♣ ♣♣~..).~♣♣♣♣♣♣♣♣♣♣♣ ♣♣
.♣♣♣♣♣>~~~~~.~~~~~~.<.~♣ ♣~.
.♣.♣♣.§~~~~~~~~..~~~~.♣
♣...♣♣..♣♣..~§~~~~~~~~♣.....
~♣.~~♣...♣♣♣♣..~~~~~~~....~~.
..~~~~.§..♣♣♣~..~~.~~~~~..<§~
..~~..~~~.♣♣.~.....~~~.~~~...
......†..Zy♣~....♣.~~~.~~~.~♣
~..~....Zynw@.~§...~~~~~~..♣♣
~~~...~~.y♣♣n..~~~....~~~~.♣
~~....~~~♣♣.♣♣.♣♣.♣♣.♣♣~~.<♣
.......~~♣♣.♣♣.♣♣.♣♣.♣♣...♣♣
..~~~.~~~♣♣♣~§♣♣♣♣~§♣♣♣~~..♣♣
~.)...~..♣ ♣~~♣♣♣♣~~♣ ♣♣♣♣..♣
.........♣ ♣♣≈.♣♣.♣♣♣ ♣♣♣.♣♣
...♣♣♣♣ ♣♣≈~~♣♣ ♣♣♣..... {
♣♣~~♣♣♣ ♣~~♣♣..~


You could see 2 ghouls, a swamp worm, 3 vampire mosquitoes, a swamp dragon
zombie and a bunyip zombie.

Vanquished Creatures
  Frances (D:12)
  Donald (Orc:1)
  A fire giant (D:13)
  A ghoul (Swamp:2)
  4 bunyips
  A fire dragon (Volcano)
  8 hydras
  A boulder beetle (Lair:1)
  2 catoblepae
  Erica (D:9)
  4 centaur warriors (D:13)
  2 alligators
  2 dancing weapons (D:13)
  A tengu warrior (D:11)
  10 orc high priests
  4 thrashing horrors (Lair:5)
  Urug (Lair:2)
  8 death yaks
  2 skysharks
  A bunyip zombie (Swamp:2)
  A fire crab (Lair:4)
  A goliath frog (Swamp:1)
  A flayed ghost (D:13)
  A lindwurm (Volcano)
  2 deep elf pyromancers
  4 oklob plants (Lair:4)
  2 orc sorcerers
  4 ugly things
  3 cyclopes
  2 manticores (D:12)
  A will-o-the-wisp (Swamp:1)
  4 elephants (Lair:4)
  A demonic crawler (Lair:2)
  9 black mambas
  A smoke demon (Lair:5)
  Psyche (D:9)
  6 cane toads
  2 rime drakes
  2 kobold demonologists (D:12)
  10 komodo dragons
  A yaktaur (D:13)
  An ancient zyme (Lair:5)
  4 polar bears
  8 trolls
  A meliai (shapeshifter) (D:13)
  2 tyrant leeches (Swamp:1)
  13 hornets
  22 blink frogs
  2 dream sheep (Lair:4)
  A slime creature (shapeshifter) (Lair:5)
  2 shadows
  4 slime creatures
  3 ynoxinuls (Lair:5)
  A wyvern (shapeshifter) (Lair:5)
  5 wyverns
  46 yaks
  7 spriggans
  3 fire bats (Volcano)
  A vampire (D:11)
  2 large abominations (Lair:5)
  5 basilisks
  3 steam dragons
  A chaos spawn (Lair:5)
  5 vampire mosquitoes
  3 swamp worms
  8 wargs
  An acid dragon (D:11)
  2 hell hounds (Volcano)
  18 water moccasins
  2 swamp drakes
  10 orc warriors
  11 small abominations (Lair:5)
  6 black bears
  3 sky beasts (D:7)
  2 ice beasts (D:6)
  4 wolves
  17 centaurs
  7 ogres
  11 bullfrogs
  3 kobold brigands
  A gnoll sergeant (D:10)
  4 scorpions
  5 wights (D:8)
  21 killer bees
  4 howler monkeys
  An electric eel (Lair:2)
  3 hounds (D:6)
  30 orc priests
  3 jellies
  A sleepcap (D:5)
  7 iguanas
  20 orc wizards
  A hell rat (Sewer)
  14 gnolls
  9 adders
  2 river rats (Sewer)
  2 shadow imps (D:6)
  7 white imps
  9 worms
  4 dart slugs
  75 orcs
  9 bats
  7 endoplasms
  7 giant cockroaches
  3 goblins
  7 hobgoblins
  5 jackals
  3 quokkas
  15 ball pythons
  3 frilled lizards
  12 kobolds
  12 rats
671 creatures vanquished.

Vanquished Creatures (collateral kills)
  Snorg (D:13)
1 creature vanquished.

Vanquished Creatures (others)
  4 foxfires (Swamp:1)
4 creatures vanquished.

Grand Total: 676 creatures vanquished

Notes
Turn   | Place    | Note
-------+----------+-------------------------------------------
     0 | D:1      | octoduck the Formicid Fighter began the quest for the Orb.
     0 | D:1      | Reached XP level 1. HP: 18/18 MP: 1/1
   229 | D:1      | Reached XP level 2. HP: 24/24 MP: 2/2
   445 | D:1      | Found Ugaumadgh's Vocational Training.
   455 | D:1      | Reached XP level 3. HP: 25/29 MP: 3/3
   503 | D:1      | Reached skill level 3 in Axes
  1524 | D:2      | Reached XP level 4. HP: 33/35 MP: 4/4
  1552 | D:2      | Found a faded altar of an unknown god.
  1973 | D:3      | Reached skill level 5 in Shields
  2010 | D:3      | Noticed booth's ghost (amateur DsGl)
  2020 | D:3      | Reached skill level 4 in Axes
  2020 | D:3      | Reached XP level 5. HP: 41/41 MP: 5/5
  2168 | D:3      | Found a transporter.
  2242 | D:3      | Found a glowing drain.
  2263 | Sewer    | Entered a sewer
  2307 | Sewer    | Reached XP level 6. HP: 43/47 MP: 6/6
  2335 | Sewer    | Reached skill level 5 in Axes
  2742 | D:3      | Found a bloodstained altar of Trog.
  3000 | D:3      | Found a transporter.
  3047 | D:3      | Found a hide-covered altar of Uskayaw.
  3780 | D:4      | Identified 3 scrolls of acquirement
  3783 | D:4      | Acquired the +0 pair of boots of the Trees {rPois rF+++
                  | Regen+ MP+9}
  3791 | D:4      | Acquired the +3 Mad Mage's Maulers {Infuse+∞ VampMP -Cast}
  3791 | D:4      | Found the +3 Mad Mage's Maulers {Infuse+∞ VampMP -Cast}
  3856 | D:4      | Acquired 525 gold pieces
  3859 | D:4      | Found a burning altar of Makhleb.
  3861 | D:4      | Found a glowing silver altar of Zin.
  3862 | D:4      | Noticed an angel
  3862 | D:4      | Noticed a balrug
  4259 | D:3      | Found a hazy altar of Hepliaklqana.
  4274 | D:3      | Became a worshipper of Uskayaw the Reveller
  4573 | D:4      | Reached * piety under Uskayaw
  4576 | D:4      | Reached ** piety under Uskayaw
  4712 | D:5      | Entered Level 5 of the Dungeon
  4985 | D:4      | Found a white marble altar of Elyvilon.
  5101 | D:4      | Reached XP level 7. HP: 52/52 MP: 1/7
  5396 | D:5      | Reached skill level 6 in Axes
  6075 | D:5      | Found Edorch's Assorted Antiques.
  6379 | D:5      | Found a stormy altar of Qazlal.
  6570 | D:6      | Reached skill level 1 in Invocations
  6686 | D:6      | Found Maddas's Jewellery Shop.
  6708 | D:6      | Bought a ring of willpower for 300 gold pieces
  6843 | D:6      | Reached skill level 7 in Axes
  6843 | D:6      | Reached XP level 8. HP: 58/58 MP: 2/9
  7073 | D:6      | Reached *** piety under Uskayaw
  7080 | D:6      | Reached **** piety under Uskayaw
  7564 | D:6      | Reached skill level 8 in Axes
  7870 | D:6      | Found a shimmering altar of Xom.
  7895 | D:6      | Found a staircase to the Ecumenical Temple.
  7902 | Temple   | Entered the Ecumenical Temple
  8328 | D:6      | Noticed a shadow
  8329 | D:6      | Reached XP level 9. HP: 64/64 MP: 3/12
  8330 | D:6      | Reached skill level 9 in Axes
  8344 | D:6      | Reached skill level 5 in Invocations
  8345 | D:6      | Reached ***** piety under Uskayaw
  8371 | D:6      | Reached ****** piety under Uskayaw
  8727 | D:6      | Found a shadowy altar of Dithmenos.
  9216 | D:7      | Found Ralyka's General Store.
  9219 | D:7      | Reached skill level 10 in Axes
  9233 | D:7      | Bought a scroll of identify for 30 gold pieces
  9835 | D:7      | Reached XP level 10. HP: 68/70 MP: 0/15
  9837 | D:7      | Found a broken altar of Ashenzari.
  9858 | D:7      | Reached skill level 11 in Axes
 10491 | D:7      | Found Naitaniu's Distillery.
 10495 | D:7      | Bought a potion of might for 40 gold pieces
 11122 | D:8      | Reached skill level 12 in Axes
 11257 | D:8      | Found an iron altar of Okawaru.
 12122 | D:8      | Reached XP level 11. HP: 78/78 MP: 1/17
 12632 | D:8      | Found a staircase to the Lair.
 12678 | D:8      | Reached skill level 13 in Axes
 12828 | D:8      | Reached skill level 5 in Fighting
 13750 | D:9      | Noticed Erica
 13766 | D:9      | Killed Erica
 13931 | D:9      | Found Qelikitun's Changing Room.
 13969 | D:9      | Noticed Psyche
 13987 | D:9      | Killed Psyche
 14354 | D:10     | Entered Level 10 of the Dungeon
 14507 | D:10     | Found a transporter.
 14509 | D:10     | Noticed rozman's ghost (novice DsGl)
 14511 | D:10     | Found a transporter.
 14930 | D:10     | Reached skill level 14 in Axes
 16416 | D:11     | Found a staircase to the Orcish Mines.
 16440 | D:11     | Noticed a cyclops
 16446 | D:11     | Killed a cyclops
 17099 | D:11     | Noticed a tengu warrior
 17107 | D:11     | Killed a tengu warrior
 17108 | D:11     | Reached XP level 12. HP: 64/92 MP: 2/18
 17247 | D:11     | Found the +18 Lear's hauberk
 17353 | D:11     | Reached skill level 15 in Axes
 17829 | Lair:1   | Entered Level 1 of the Lair of Beasts
 18372 | Lair:1   | Noticed a boulder beetle
 18405 | Lair:1   | Killed a boulder beetle
 18406 | Lair:1   | Reached skill level 1 in Evocations
 20151 | Lair:2   | Reached skill level 16 in Axes
 21225 | Lair:2   | Found a hole to the Spider Nest.
 21237 | Lair:2   | Reached skill level 5 in Evocations
 21400 | Lair:2   | Reached XP level 13. HP: 98/98 MP: 1/19
 21708 | D:6      | Bought the amulet "Zoes" {Faith Int+3 SInv} for 690 gold
                  | pieces
 21866 | Lair:2   | Noticed Urug
 21985 | Lair:2   | Killed Urug
 22889 | Lair:3   | Reached skill level 5 in Armour
 23008 | Lair:3   | Noticed a four-headed hydra
 23040 | Lair:3   | Found a staircase to the Swamp.
 23583 | Lair:3   | Killed a three-headed hydra
 24037 | Lair:3   | Reached skill level 17 in Axes
 24595 | Lair:3   | Found an opulent altar of Gozag.
 25594 | Lair:4   | Reached skill level 1 in Stealth
 26259 | Lair:4   | Noticed a catoblepas
 27451 | Lair:4   | Reached XP level 14. HP: 105/105 MP: 3/20
 27458 | Lair:4   | Reached skill level 5 in Stealth
 27607 | Lair:4   | Identified the +2 robe of the Gardener {rPois rF- rN+
                  | Regen+}
 28053 | Lair:4   | Found a staircase to the Slime Pits.
 28967 | Lair:5   | Entered Level 5 of the Lair of Beasts
 28983 | Lair:5   | Reached skill level 18 in Axes
 29069 | Lair:5   | Found a dark tunnel.
 29175 | Volcano  | Entered a volcano
 31218 | Orc:1    | Entered Level 1 of the Orcish Mines
 31902 | Orc:2    | Entered Level 2 of the Orcish Mines
 32244 | Orc:2    | Noticed Donald
 32550 | Orc:2    | Reached skill level 19 in Axes
 32550 | Orc:2    | Reached skill level 10 in Armour
 32911 | Orc:1    | Killed Donald
 33449 | Orc:1    | Reached XP level 15. HP: 106/110 MP: 3/21
 34083 | Orc:2    | Found a staircase to the Elven Halls.
 34795 | Orc:2    | Found Lyloyth's Antique Armour Shop.
 34795 | Orc:2    | Found Mukhar's Distillery.
 34835 | Orc:2    | Found Cudysa's Book Shop.
 34835 | Orc:2    | Found Haduism's Assorted Antiques.
 34850 | Orc:2    | Bought a wand of iceblast (4) for 230 gold pieces
 34850 | Orc:2    | Bought a wand of quicksilver (3) for 302 gold pieces
 34902 | Orc:2    | Bought a glowing cloak for 210 gold pieces
 36263 | D:12     | Noticed Frances
 36274 | D:12     | Killed Frances
 37023 | D:7      | Bought a scroll of butterflies for 60 gold pieces
 37436 | D:13     | Reached skill level 10 in Shields
 38151 | D:13     | Found a gate to the Vaults.
 38310 | D:13     | Noticed Snorg
 38624 | D:13     | Killed Snorg
 38813 | D:13     | Reached skill level 20 in Axes
 38942 | D:13     | Found a runed translucent door.
 38946 | D:13     | Noticed a fire giant
 39251 | D:13     | Killed a fire giant
 41978 | Lair:5   | Reached XP level 16. HP: 110/117 MP: 1/22
 42557 | Lair:5   | Identified the +6 short sword of Distant Shores {venom,
                  | rCorr}
 43345 | Lair:5   | Found a corrupted altar of Lugonu.
 43345 | Lair:5   | Found a one-way gate to the infinite horrors of the Abyss.
 43509 | Swamp:1  | Entered Level 1 of the Swamp
 44217 | Swamp:1  | Reached skill level 15 in Shields
 45696 | Swamp:2  | HP: 5/117 [ghoul (3)]
 45697 | Swamp:2  | HP: 2/117 [ghoul (3)]
 45697 | Swamp:2  | Mangled by a ghoul

Illustrated notes

Levels and vault maps discovered:
D:1:      dpeg_arrival_rooms_c, layout_loops_corners, st_stairs_4,
          nicolae_shop_vocational
D:2:      layout_loops_ring, basic_ecumenical_altar, minmay_misc_feat_pillars,
          dreamdust_princess_corridor
D:3:      layout_basic, nicolae_overflow_hidden_temple, lemuel_crystal_altar,
          gammafunk_ghost_arena, cheibrodos_sewer_entry_bend,
          minmay_close_crescents
D:4:      layout_basic, grunt_temple_overflow_order_and_chaos_2,
          elyvilon_altar_1
D:5:      layout_loops_cross, lemuel_crystal_altar, serial_shops,
          nicolae_shop_tiny_statue_garden, st_stairs_5
D:6:      layout_loops_ring, nicolae_dithmenos_through_a_glass_darkly,
          mainiacjoe_overflow_six_doors_small, minmay_temple_entry_trees,
          serial_shops, shop, grunt_potential
D:7:      layout_gridville, mainiacjoe_overflow_catwalk, serial_shops, shop,
          kennysheep_small_circle
D:8:      layout_gridville, lemuel_doored_altar, due_lair_maze_entry_diamond,
          minmay_checkerbox
D:9:      layout_cave_pools, nicolae_transmutations_shop, uniq_erica,
          uniq_psyche
D:10:     layout_irregular_city, gammafunk_ghost_hive, minivault_23
D:11:     layout_roguey, orc_0_dummy, hellmonk_guarded_unrand_lears
D:12:     layout_irregular_city, kennysheep_boxes, uniq_frances
D:13:     layout_roguey, erik_vaults_1, minmay_hidden_floor, uniq_snorg
Temple:   hellmonk_temple_of_storms
Lair:1:   dpeg_oklob_gauntlet, layout_cellular_growth, nzn_sisyphean_effort
Lair:2:   layout_regular_city, nicolae_spider_entry_non_spiders,
          dreamdust_wasp_nest, lemuel_fruit_tree, serial_bayou_shore_a,
          uniq_urug
Lair:3:   layout_chaotic_city, minmay_swamp_entry_reptiles, basic_altar,
          nicolae_lair_lil_pond, grunt_megastairs_5
Lair:4:   layout_layer_cave, minmay_slime_entry_oklob_enclosed,
          minmay_shattered_shrine
Lair:5:   hellmonk_lair_end_abyssal_woods, layout_layer_cave, enter_volcano_2
Swamp:1:  layout_basic_swamp, evilmike_swamp_ruin_house_3, swamp_pool1
Swamp:2:  layout_basic_swamp, hangedman_swamp_diagram, swamp_pool5,
          nicolae_swamp_necromancer_hut, uniq_mlioglotl
Orc:1:    layout_caves
Orc:2:    st_orc_town, layout_caves, basic_altar, uniq_donald

Skill      XL: |  1  2  3  4  5  6  7  8  9 10 11 12 13 14 15 16 |
---------------+-------------------------------------------------+-----
Axes           | 3 4 5 7 8 10 12 14 16 17 19 20 | 20.0
Shields        | 5 6 7 13 16 | 16.9
Invocations    | 1 4 7 8 |  8.6
Fighting       | 4 7 8 |  8.2
Evocations     | 5 7 |  7.2
Armour         | 7 10 | 10.1
Stealth        | 4 6 |  6.0

Action                     |  1- 3 |  4- 6 |  7- 9 | 10-12 | 13-15 | 16-18 || total
---------------------------+-------+-------+-------+-------+-------+-------++-------
  Melee: War axe           |    95 |   203 |   226 |   481 |    81 |       ||  1086
         Battleaxe         |       |       |       |       |   621 |   126 ||   747
         Scimitar          |       |       |       |       |    19 |       ||    19
         Broad axe         |       |       |       |       |       |    19 ||    19
  Throw: Javelin           |       |       |       |       |     2 |     1 ||     3
 Invoke: Stomp             |       |       |     1 |       |       |     1 ||     2
Ability: Dig               |       |     1 |       |       |       |       ||     1
  Evoke: Wand              |       |       |     1 |     3 |     7 |     3 ||    14
         Box of beasts     |       |       |       |     1 |     1 |     1 ||     3
    Use: Scroll            |     3 |     7 |     5 |     8 |     7 |     2 ||    32
         Potion            |       |     1 |       |       |     1 |     3 ||     5
   Stab: Paralysed         |       |       |    10 |    51 |    58 |    10 ||   129
 Armour: Scale mail        |    48 |    46 |       |       |       |       ||    94
         Plate armour      |       |    47 |   142 |   213 |   399 |    64 ||   865
  Dodge: Dodged            |    41 |    58 |    73 |   104 |   139 |    25 ||   440
  Block: Buckler           |    17 |    30 |    46 |    94 |   100 |       ||   287
         Kite shield       |       |       |       |       |   135 |   110 ||   245
         Reflection        |       |       |       |       |    16 |     2 ||    18
